Capitals vs Rangers

Created - November 12 2010 at 17:22

Goals
1 2 3 T
Capitals 1 0 2 3
Rangers 1 3 0 4
Shots
1 2 3 T
Capitals 9 5 11 25
Rangers 11 9 6 26

Period #1

1. Rangers , Mikko Koivu 4 (Teemu Selanne, Dan Cleary) at 3:00 (PP)
2. Capitals , Alexander Semin 12 (Douglas Murray, Kimmo Timonen) at 6:01 (PP)

Penalties :
Douglas Murray (WSH) for Slashing (Minor) at 2:01, Andy Sutton (NYR) for Goalie Interference (Minor) at 3:18, Keith Ballard (NYR) for Hooking (Minor) at 5:53, Mike Weaver (NYR) for Cross-checking (Minor) at 7:34, Alexander Semin (WSH) for Holding (Minor) at 17:48

Period #2

3. Rangers , Teemu Selanne 5 (Mikko Koivu, Dustin Penner) at 1:04
4. Rangers , Mark Recchi 4 (Andy Sutton) at 10:23
5. Rangers , Teemu Selanne 6 (Mikko Koivu) at 14:59 (PP)

Penalties :
Jeff Halpern (WSH) for Roughing (Minor) at 14:33, Douglas Murray (WSH) for Slashing (Minor) at 17:41

Period #3

6. Capitals , Alexander Semin 13 (Douglas Murray) at 1:31
7. Capitals , Tomas Fleischmann 7 (Alexander Semin, Jeff Halpern) at 9:22

Penalties :
Andrei Kostitsyn (NYR) for Hooking (Minor) at 10:01, Shaone Morrisonn (WSH) for Tripping (Minor) at 12:29, Alexander Ovechkin (WSH) for Holding (Minor) at 14:46, Mike Green (WSH) for Boarding (Minor) at 16:49

Goalie Stats

Mike Smith (WSH), 22 saves from 26 shots - (0.846), L, 1-3-1, 59:11 minutes
Chris Mason (NYR), 22 saves from 25 shots - (0.880), W, 4-11-0, 60:00 minutes

Players Stats

Capitals
Player Name              G  A  P  +/- PIM S  H  SB FO    MP 
------------------------------------------------------------
Alexander Ovechkin       0  0  0  -1  2   2  3  0  1/3   21 
Alexander Semin          2  1  3   2  2   7  2  0  1/1   18 
Alexei Kovalev           0  0  0  -1  0   0  0  0  0/2   16 
Boyd Gordon              0  0  0  -1  0   1  0  0  7/19  17 
Brian Sutherby           0  0  0   0  0   0  1  0  0/1   4  
Douglas Murray           0  2  2   2  4   1  6  0  0/0   19 
Jeff Halpern             0  1  1   2  2   1  3  0  10/22 19 
Kimmo Timonen            0  1  1  -1  0   1  0  0  0/0   22 
Matt Bradley             0  0  0  -1  0   2  0  0  0/0   14 
Matt Cooke               0  0  0   0  0   0  1  0  0/1   6  
Matt Stajan              0  0  0  -1  0   1  0  0  12/25 20 
Mike Green               0  0  0  -1  2   0  2  0  0/0   22 
Ryane Clowe              0  0  0  -1  0   4  3  0  0/2   14 
Shaone Morrisonn         0  0  0  -1  2   0  0  2  0/0   18 
Steve Eminger            0  0  0  -1  0   1  1  1  0/0   16 
Tomas Fleischmann        1  0  1   2  0   3  0  0  0/0   20 
Trent Hunter             0  0  0   0  0   0  0  0  0/0   5  
Willie Mitchell          0  0  0   2  0   1  0  1  0/0   19 
Rangers
Player Name              G  A  P  +/- PIM S  H  SB FO    MP 
------------------------------------------------------------
Andrei Kostitsyn         0  0  0   0  2   1  2  0  0/2   15 
Andy Sutton              0  1  1  -1  2   1  1  1  0/0   14 
Bill Guerin              0  0  0  -1  0   1  1  0  1/2   15 
Blair Betts              0  0  0   0  0   4  1  0  5/8   11 
Christoph Schubert       0  0  0  -1  0   0  1  1  0/0   19 
Dan Cleary               0  1  1   0  0   2  1  0  0/1   16 
Dustin Penner            0  1  1   1  0   3  0  1  0/0   18 
Evander Kane             0  0  0   0  0   0  0  0  0/0   6  
Gilbert Brule            0  0  0  -1  0   1  1  0  7/14  13 
Keith Ballard            0  0  0   1  2   0  3  0  0/0   22 
Lubomir Visnovsky        0  0  0   1  0   3  1  1  0/0   21 
Mark Recchi              1  0  1  -1  0   2  1  1  0/0   15 
Mike Weaver              0  0  0   0  2   0  0  0  0/0   18 
Mikko Koivu              1  2  3   1  0   1  0  0  15/24 21 
Patrick OSullivan        0  0  0   0  0   1  0  0  1/2   11 
Scott Gomez              0  0  0   0  0   2  0  0  15/22 19 
Teemu Selanne            2  1  3   1  0   4  1  0  1/1   18 
Trevor Daley             0  0  0   0  0   0  1  2  0/0   22 

3 Stars

1 - Teemu Selanne (NYR)
2 - Alexander Semin (WSH)
3 - Mikko Koivu (NYR)

Power Play

Capitals - 1 on 4 Attempt(s) - 25.00%
Rangers - 2 on 7 Attempt(s) - 28.57%

Penalty Kill

Capitals - 5 on 7 Attempt(s) - 71.43% - Score 0 goal in Penalty Kill
Rangers - 3 on 4 Attempt(s) - 75.00% - Score 0 goal in Penalty Kill

Game Notes

No Game Note

Finance

Level 1 -- Attendance: 4096 (63.02%) -- Ticket Income $512,000.00
Level 2 -- Attendance: 2846 (56.92%) -- Ticket Income $213,450.00
Level 3 -- Attendance: 1722 (49.20%) -- Ticket Income $86,100.00
Level 4 -- Attendance: 1666 (75.73%) -- Ticket Income $41,650.00
Luxury Box -- Attendance: 586 (58.60%) -- Ticket Income $146,500.00
Game was played at the Madison Square Garden
Total Attendance: 10916 (59.98%)
Total Ticket Income: $1,087,601.00
Other Income: $204,333.00
Total Income: $1,291,934.00


Play by Play

Period #1

0:01 of 1st period - Mikko Koivu wins face-off versus Alexei Kovalev in neutral zone.
0:17 of 1st period - Icing by Matt Stajan.
0:18 of 1st period - Scott Gomez wins face-off versus Matt Stajan in Capitals zone.
0:19 of 1st period - Shot by Andrei Kostitsyn.
0:19 of 1st period - Shot Misses the Net.
0:54 of 1st period - Icing by Trevor Daley.
0:55 of 1st period - Scott Gomez wins face-off versus Jeff Halpern in Rangers zone.
0:55 of 1st period - Scott Gomez is hit by Alexander Semin.
1:50 of 1st period - Shot by Mikko Koivu.
1:50 of 1st period - Shot Misses the Net.
2:01 of 1st period - Minor Penalty to Douglas Murray for Slashing.
2:02 of 1st period - Mikko Koivu wins face-off versus Boyd Gordon in Capitals zone.
2:14 of 1st period - Off-side.
2:15 of 1st period - Scott Gomez wins face-off versus Boyd Gordon in neutral zone.
2:36 of 1st period - Shot by Dustin Penner.
2:36 of 1st period - Stopped by Mike Smith without a rebound.
2:37 of 1st period - Mikko Koivu wins face-off versus Boyd Gordon in Capitals zone.
2:48 of 1st period - Shot by Dan Cleary.
2:48 of 1st period - Stopped by Mike Smith with a rebound.
2:52 of 1st period - Shot by Mikko Koivu.
2:52 of 1st period - Deflect By Teemu Selanne.
2:52 of 1st period - Shot Misses the Net.
2:56 of 1st period - Shot by Teemu Selanne.
2:56 of 1st period - Shot Blocked by Shaone Morrisonn.
3:00 of 1st period - Shot by Mikko Koivu.
3:00 of 1st period - Goal by Mikko Koivu - Capitals : 0 - Rangers : 1.
3:01 of 1st period - Gilbert Brule wins face-off versus Matt Stajan in neutral zone.
3:01 of 1st period - Gilbert Brule is hit by Alexander Ovechkin.
3:18 of 1st period - Minor Penalty to Andy Sutton for Goalie Interference.
3:19 of 1st period - Matt Stajan wins face-off versus Blair Betts in Rangers zone.
5:25 of 1st period - Shot by Mark Recchi.
5:25 of 1st period - Shot Misses the Net.
5:30 of 1st period - Icing by Boyd Gordon.
5:31 of 1st period - Boyd Gordon wins face-off versus Gilbert Brule in Capitals zone.
5:39 of 1st period - Icing by Shaone Morrisonn.
5:40 of 1st period - Mikko Koivu wins face-off versus Boyd Gordon in Capitals zone.
5:41 of 1st period - Shot by Lubomir Visnovsky.
5:41 of 1st period - Deflect By Dustin Penner.
5:41 of 1st period - Shot Misses the Net.
5:53 of 1st period - Minor Penalty to Keith Ballard for Hooking.
5:54 of 1st period - Jeff Halpern wins face-off versus Blair Betts in Rangers zone.
5:57 of 1st period - Shot by Alexander Semin.
5:57 of 1st period - Shot Misses the Net.
5:59 of 1st period - Shot by Kimmo Timonen.
5:59 of 1st period - Shot Misses the Net.
6:01 of 1st period - Shot by Douglas Murray.
6:01 of 1st period - Deflect By Alexander Semin.
6:01 of 1st period - Goal by Alexander Semin - Capitals : 1 - Rangers : 1.
6:02 of 1st period - Gilbert Brule wins face-off versus Jeff Halpern in neutral zone.
6:07 of 1st period - Shot by Mark Recchi.
6:07 of 1st period - Shot Misses the Net.
6:09 of 1st period - Shot by Bill Guerin.
6:09 of 1st period - Shot Misses the Net.
6:21 of 1st period - Shot by Gilbert Brule.
6:21 of 1st period - Stopped by Mike Smith without a rebound.
6:22 of 1st period - Scott Gomez wins face-off versus Boyd Gordon in Capitals zone.
7:34 of 1st period - Minor Penalty to Mike Weaver for Cross-checking.
7:35 of 1st period - Matt Stajan wins face-off versus Mikko Koivu in Rangers zone.
8:04 of 1st period - Shot by Alexander Ovechkin.
8:04 of 1st period - Stopped by Chris Mason without a rebound.
8:05 of 1st period - Mikko Koivu wins face-off versus Jeff Halpern in Rangers zone.
8:32 of 1st period - Shot by Kimmo Timonen.
8:32 of 1st period - Shot Blocked by Lubomir Visnovsky.
8:34 of 1st period - Shot by Kimmo Timonen.
8:34 of 1st period - Deflect By Alexander Semin.
8:34 of 1st period - Shot Misses the Net.
8:36 of 1st period - Shot by Douglas Murray.
8:36 of 1st period - Stopped by Chris Mason without a rebound.
8:37 of 1st period - Blair Betts wins face-off versus Matt Stajan in Rangers zone.
9:21 of 1st period - Icing by Matt Stajan.
9:22 of 1st period - Mikko Koivu wins face-off versus Matt Stajan in Capitals zone.
9:37 of 1st period - Andy Sutton is hit by Ryane Clowe.
11:27 of 1st period - Shot by Alexander Semin.
11:27 of 1st period - Stopped by Chris Mason with a rebound.
11:29 of 1st period - Shot by Douglas Murray.
11:29 of 1st period - Shot Misses the Net.
11:31 of 1st period - Shot by Willie Mitchell.
11:31 of 1st period - Shot Misses the Net.
11:33 of 1st period - Shot by Tomas Fleischmann.
11:33 of 1st period - Shot Misses the Net.
11:40 of 1st period - Icing by Mike Weaver.
11:41 of 1st period - Mikko Koivu wins face-off versus Matt Stajan in Rangers zone.
12:02 of 1st period - Alexander Ovechkin is hit by Christoph Schubert and loses puck.
12:07 of 1st period - Shot by Alexander Ovechkin.
12:07 of 1st period - Shot Misses the Net.
12:09 of 1st period - Shot by Alexander Ovechkin.
12:09 of 1st period - Shot Misses the Net.
12:36 of 1st period - Trevor Daley is hit by Brian Sutherby and loses puck.
12:42 of 1st period - Patrick OSullivan is hit by Douglas Murray and loses puck.
12:51 of 1st period - Shot by Blair Betts.
12:51 of 1st period - Stopped by Mike Smith without a rebound.
12:52 of 1st period - Scott Gomez wins face-off versus Matt Stajan in Capitals zone.
12:59 of 1st period - Shot by Dan Cleary.
12:59 of 1st period - Shot Misses the Net.
13:01 of 1st period - Shot by Scott Gomez.
13:01 of 1st period - Stopped by Mike Smith without a rebound.
13:02 of 1st period - Blair Betts wins face-off versus Matt Stajan in Capitals zone.
13:11 of 1st period - Shot by Blair Betts.
13:11 of 1st period - Shot Misses the Net.
13:19 of 1st period - Shot by Blair Betts.
13:19 of 1st period - Shot Misses the Net.
13:23 of 1st period - Shot by Patrick OSullivan.
13:23 of 1st period - Stopped by Mike Smith without a rebound.
13:24 of 1st period - Boyd Gordon wins face-off versus Gilbert Brule in Capitals zone.
13:45 of 1st period - Shot by Steve Eminger.
13:45 of 1st period - Shot Blocked by Christoph Schubert.
14:03 of 1st period - Alexander Semin is hit by Bill Guerin and loses puck.
14:38 of 1st period - Shot by Dustin Penner.
14:38 of 1st period - Stopped by Mike Smith without a rebound.
14:39 of 1st period - Matt Stajan wins face-off versus Scott Gomez in Capitals zone.
15:01 of 1st period - Shot by Scott Gomez.
15:01 of 1st period - Stopped by Mike Smith without a rebound.
15:02 of 1st period - Boyd Gordon wins face-off versus Mikko Koivu in Capitals zone.
15:28 of 1st period - Shot by Ryane Clowe.
15:28 of 1st period - Stopped by Chris Mason without a rebound.
15:29 of 1st period - Jeff Halpern wins face-off versus Scott Gomez in Rangers zone.
15:34 of 1st period - Shot by Tomas Fleischmann.
15:34 of 1st period - Stopped by Chris Mason with a rebound.
15:50 of 1st period - Shot by Alexander Semin.
15:50 of 1st period - Shot Misses the Net.
15:52 of 1st period - Shot by Jeff Halpern.
15:52 of 1st period - Stopped by Chris Mason without a rebound.
15:53 of 1st period - Matt Stajan wins face-off versus Mikko Koivu in Rangers zone.
15:53 of 1st period - Matt Stajan is hit by Keith Ballard.
16:36 of 1st period - Boyd Gordon is hit by Keith Ballard and loses puck.
16:46 of 1st period - Boyd Gordon is hit by Keith Ballard and loses puck.
17:23 of 1st period - Shot by Tomas Fleischmann.
17:23 of 1st period - Shot Misses the Net.
17:27 of 1st period - Shot by Jeff Halpern.
17:27 of 1st period - Deflect By Alexander Semin.
17:27 of 1st period - Shot Misses the Net.
17:31 of 1st period - Shot by Alexander Semin.
17:31 of 1st period - Stopped by Chris Mason without a rebound.
17:32 of 1st period - Matt Stajan wins face-off versus Scott Gomez in Rangers zone.
17:32 of 1st period - Matt Stajan is hit by Trevor Daley.
17:38 of 1st period - Shot by Alexander Semin.
17:38 of 1st period - Shot Blocked by Trevor Daley.
17:40 of 1st period - Shot by Alexander Semin.
17:40 of 1st period - Stopped by Chris Mason without a rebound.
17:41 of 1st period - Scott Gomez wins face-off versus Jeff Halpern in Rangers zone.
17:41 of 1st period - Scott Gomez is hit by Jeff Halpern.
17:48 of 1st period - Minor Penalty to Alexander Semin for Holding.
17:49 of 1st period - Jeff Halpern wins face-off versus Patrick OSullivan in Capitals zone.
17:49 of 1st period - Jeff Halpern is hit by Dan Cleary.
18:03 of 1st period - Shot by Dan Cleary.
18:03 of 1st period - Stopped by Mike Smith without a rebound.
18:04 of 1st period - Scott Gomez wins face-off versus Boyd Gordon in Capitals zone.
18:17 of 1st period - Douglas Murray is hit by Andrei Kostitsyn and loses puck.
18:30 of 1st period - Shot by Dustin Penner.
18:30 of 1st period - Shot Misses the Net.
19:49 of 1st period - Shot by Blair Betts.
19:49 of 1st period - Stopped by Mike Smith without a rebound.
19:50 of 1st period - Gilbert Brule wins face-off versus Matt Stajan in Capitals zone.

Period #2

0:01 of 2nd period - Matt Stajan wins face-off versus Mikko Koivu in neutral zone.
0:09 of 2nd period - Icing by Keith Ballard.
0:10 of 2nd period - Mikko Koivu wins face-off versus Jeff Halpern in Rangers zone.
0:19 of 2nd period - Shot by Alexander Semin.
0:19 of 2nd period - Stopped by Chris Mason without a rebound.
0:20 of 2nd period - Scott Gomez wins face-off versus Matt Stajan in Rangers zone.
0:25 of 2nd period - Shot by Andrei Kostitsyn.
0:25 of 2nd period - Stopped by Mike Smith without a rebound.
0:26 of 2nd period - Boyd Gordon wins face-off versus Gilbert Brule in Capitals zone.
0:26 of 2nd period - Boyd Gordon is hit by Mark Recchi.
0:42 of 2nd period - Shot by Boyd Gordon.
0:42 of 2nd period - Shot Misses the Net.
0:44 of 2nd period - Shot by Matt Bradley.
0:44 of 2nd period - Stopped by Chris Mason without a rebound.
0:45 of 2nd period - Matt Stajan wins face-off versus Mikko Koivu in Rangers zone.
0:58 of 2nd period - Shot by Mikko Koivu.
0:58 of 2nd period - Shot Misses the Net.
1:02 of 2nd period - Shot by Mikko Koivu.
1:02 of 2nd period - Shot Misses the Net.
1:04 of 2nd period - Shot by Mikko Koivu.
1:04 of 2nd period - Deflect By Teemu Selanne.
1:04 of 2nd period - Goal by Teemu Selanne - Capitals : 1 - Rangers : 2.
1:05 of 2nd period - Scott Gomez wins face-off versus Jeff Halpern in neutral zone.
1:37 of 2nd period - Icing by Jeff Halpern.
1:38 of 2nd period - Mikko Koivu wins face-off versus Jeff Halpern in Capitals zone.
1:47 of 2nd period - Shot by Tomas Fleischmann.
1:47 of 2nd period - Shot Blocked by Dustin Penner.
2:09 of 2nd period - Keith Ballard is hit by Jeff Halpern and loses puck.
3:36 of 2nd period - Shaone Morrisonn is hit by Gilbert Brule and loses puck.
3:43 of 2nd period - Andy Sutton is hit by Ryane Clowe and loses puck.
3:59 of 2nd period - Gilbert Brule is hit by Steve Eminger.
4:30 of 2nd period - Icing by Willie Mitchell.
4:31 of 2nd period - Alexander Semin wins face-off versus Scott Gomez in Capitals zone.
4:45 of 2nd period - Scott Gomez is hit by Douglas Murray and loses puck.
5:25 of 2nd period - Scott Gomez is hit by Douglas Murray and loses puck.
6:08 of 2nd period - Shot by Teemu Selanne.
6:08 of 2nd period - Shot Misses the Net.
6:49 of 2nd period - Mikko Koivu is hit by Alexander Ovechkin.
7:03 of 2nd period - Shot by Alexander Ovechkin.
7:03 of 2nd period - Stopped by Chris Mason with a rebound.
7:23 of 2nd period - Shot by Scott Gomez.
7:23 of 2nd period - Shot Misses the Net.
7:54 of 2nd period - Icing by Mark Recchi.
7:55 of 2nd period - Gilbert Brule wins face-off versus Boyd Gordon in Rangers zone.
8:20 of 2nd period - Shot by Ryane Clowe.
8:20 of 2nd period - Shot Misses the Net.
8:28 of 2nd period - Shot by Mark Recchi.
8:28 of 2nd period - Stopped by Mike Smith with a rebound.
8:32 of 2nd period - Shot by Andrei Kostitsyn.
8:32 of 2nd period - Shot Misses the Net.
8:42 of 2nd period - Shot by Blair Betts.
8:42 of 2nd period - Stopped by Mike Smith without a rebound.
8:43 of 2nd period - Jeff Halpern wins face-off versus Scott Gomez in Capitals zone.
8:52 of 2nd period - Shot by Alexander Semin.
8:52 of 2nd period - Shot Hit the Post.
8:56 of 2nd period - Shot by Alexander Semin.
8:56 of 2nd period - Deflect By Jeff Halpern.
8:56 of 2nd period - Shot Misses the Net.
8:58 of 2nd period - Shot by Willie Mitchell.
8:58 of 2nd period - Stopped by Chris Mason without a rebound.
8:59 of 2nd period - Mikko Koivu wins face-off versus Matt Stajan in Rangers zone.
9:28 of 2nd period - Icing by Mikko Koivu.
9:29 of 2nd period - Mikko Koivu wins face-off versus Jeff Halpern in Rangers zone.
10:23 of 2nd period - Shot by Mark Recchi.
10:23 of 2nd period - Goal by Mark Recchi - Capitals : 1 - Rangers : 3.
10:24 of 2nd period - Scott Gomez wins face-off versus Matt Stajan in neutral zone.
10:42 of 2nd period - Andrei Kostitsyn is hit by Mike Green and loses puck.
11:19 of 2nd period - Icing by Shaone Morrisonn.
11:20 of 2nd period - Bill Guerin wins face-off versus Boyd Gordon in Capitals zone.
11:48 of 2nd period - Gilbert Brule is hit by Douglas Murray.
11:52 of 2nd period - Shot by Mark Recchi.
11:52 of 2nd period - Shot Misses the Net.
12:08 of 2nd period - Evander Kane is hit by Alexander Semin and loses puck.
12:12 of 2nd period - Icing by Trevor Daley.
12:13 of 2nd period - Blair Betts wins face-off versus Alexei Kovalev in Rangers zone.
12:13 of 2nd period - Trevor Daley is hit by Alexander Ovechkin and loses puck.
14:12 of 2nd period - Mikko Koivu is hit by Douglas Murray and loses puck.
14:20 of 2nd period - Mikko Koivu is hit by Douglas Murray and loses puck.
14:33 of 2nd period - Minor Penalty to Jeff Halpern for Roughing.
14:34 of 2nd period - Scott Gomez wins face-off versus Alexander Ovechkin in Capitals zone.
14:35 of 2nd period - Shot by Lubomir Visnovsky.
14:35 of 2nd period - Stopped by Mike Smith with a rebound.
14:37 of 2nd period - Shot by Blair Betts.
14:37 of 2nd period - Stopped by Mike Smith with a rebound.
14:55 of 2nd period - Shot by Blair Betts.
14:55 of 2nd period - Shot Misses the Net.
14:57 of 2nd period - Shot by Dustin Penner.
14:57 of 2nd period - Stopped by Mike Smith without a rebound.
14:58 of 2nd period - Mikko Koivu wins face-off versus Brian Sutherby in Capitals zone.
14:59 of 2nd period - Shot by Teemu Selanne.
14:59 of 2nd period - Goal by Teemu Selanne - Capitals : 1 - Rangers : 4.
15:00 of 2nd period - Matt Stajan wins face-off versus Gilbert Brule in neutral zone.
16:29 of 2nd period - Shot by Jeff Halpern.
16:29 of 2nd period - Deflect By Alexander Semin.
16:29 of 2nd period - Shot Misses the Net.
16:31 of 2nd period - Shot by Alexander Semin.
16:31 of 2nd period - Stopped by Chris Mason without a rebound.
16:32 of 2nd period - Mikko Koivu wins face-off versus Ryane Clowe in Rangers zone.
16:32 of 2nd period - Mikko Koivu is hit by Ryane Clowe.
16:57 of 2nd period - Shaone Morrisonn is hit by Teemu Selanne and loses puck.
17:03 of 2nd period - Icing by Ryane Clowe.
17:04 of 2nd period - Gilbert Brule wins face-off versus Boyd Gordon in Capitals zone.
17:41 of 2nd period - Minor Penalty to Douglas Murray for Slashing.
17:42 of 2nd period - Jeff Halpern wins face-off versus Scott Gomez in Capitals zone.
18:11 of 2nd period - Shot by Lubomir Visnovsky.
18:11 of 2nd period - Shot Misses the Net.
18:39 of 2nd period - Shot by Teemu Selanne.
18:39 of 2nd period - Shot Misses the Net.
18:41 of 2nd period - Shot by Mikko Koivu.
18:41 of 2nd period - Shot Misses the Net.
18:45 of 2nd period - Shot by Teemu Selanne.
18:45 of 2nd period - Deflect By Mikko Koivu.
18:45 of 2nd period - Shot Misses the Net.
19:05 of 2nd period - Alexander Ovechkin is hit by Andrei Kostitsyn and loses puck.
19:46 of 2nd period - Blair Betts is hit by Jeff Halpern and loses puck.

Period #3

0:01 of 3rd period - Teemu Selanne wins face-off versus Matt Stajan in neutral zone.
1:07 of 3rd period - Icing by Trevor Daley.
1:08 of 3rd period - Boyd Gordon wins face-off versus Andrei Kostitsyn in Rangers zone.
1:19 of 3rd period - Shot by Ryane Clowe.
1:19 of 3rd period - Shot Blocked by Trevor Daley.
1:21 of 3rd period - Shot by Boyd Gordon.
1:21 of 3rd period - Stopped by Chris Mason without a rebound.
1:22 of 3rd period - Jeff Halpern wins face-off versus Gilbert Brule in Rangers zone.
1:31 of 3rd period - Shot by Alexander Semin.
1:31 of 3rd period - Goal by Alexander Semin - Capitals : 2 - Rangers : 4.
1:32 of 3rd period - Blair Betts wins face-off versus Boyd Gordon in neutral zone.
1:50 of 3rd period - Shot by Patrick OSullivan.
1:50 of 3rd period - Shot Blocked by Steve Eminger.
1:54 of 3rd period - Shot by Blair Betts.
1:54 of 3rd period - Shot Misses the Net.
1:56 of 3rd period - Shot by Blair Betts.
1:56 of 3rd period - Shot Misses the Net.
2:00 of 3rd period - Shot by Trevor Daley.
2:00 of 3rd period - Shot Misses the Net.
2:30 of 3rd period - Off-side.
2:31 of 3rd period - Matt Stajan wins face-off versus Mikko Koivu in neutral zone.
3:56 of 3rd period - Icing by Willie Mitchell.
3:57 of 3rd period - Jeff Halpern wins face-off versus Andrei Kostitsyn in Capitals zone.
4:22 of 3rd period - Shot by Ryane Clowe.
4:22 of 3rd period - Stopped by Chris Mason with a rebound.
4:54 of 3rd period - Off-side.
4:55 of 3rd period - Matt Stajan wins face-off versus Blair Betts in neutral zone.
4:55 of 3rd period - Matt Stajan is hit by Blair Betts.
5:02 of 3rd period - Alexander Ovechkin is hit by Andy Sutton and loses puck.
5:12 of 3rd period - Shot by Andy Sutton.
5:12 of 3rd period - Stopped by Mike Smith without a rebound.
5:13 of 3rd period - Jeff Halpern wins face-off versus Gilbert Brule in Capitals zone.
5:50 of 3rd period - Icing by Douglas Murray.
5:51 of 3rd period - Blair Betts wins face-off versus Jeff Halpern in Capitals zone.
6:34 of 3rd period - Shot by Alexander Ovechkin.
6:34 of 3rd period - Deflect By Matt Stajan.
6:34 of 3rd period - Stopped by Chris Mason with a rebound.
7:17 of 3rd period - Boyd Gordon is hit by Lubomir Visnovsky and loses puck.
7:28 of 3rd period - Shot by Matt Bradley.
7:28 of 3rd period - Deflect By Ryane Clowe.
7:28 of 3rd period - Stopped by Chris Mason with a rebound.
7:30 of 3rd period - Shot by Boyd Gordon.
7:30 of 3rd period - Deflect By Ryane Clowe.
7:30 of 3rd period - Shot Misses the Net.
7:32 of 3rd period - Shot by Matt Bradley.
7:32 of 3rd period - Stopped by Chris Mason without a rebound.
7:33 of 3rd period - Gilbert Brule wins face-off versus Matt Stajan in Rangers zone.
7:38 of 3rd period - Shot by Bill Guerin.
7:38 of 3rd period - Stopped by Mike Smith with a rebound.
7:59 of 3rd period - Shot by Kimmo Timonen.
7:59 of 3rd period - Stopped by Chris Mason without a rebound.
8:00 of 3rd period - Mikko Koivu wins face-off versus Boyd Gordon in Rangers zone.
8:19 of 3rd period - Icing by Boyd Gordon.
8:20 of 3rd period - Boyd Gordon wins face-off versus Gilbert Brule in Capitals zone.
8:58 of 3rd period - Shot by Willie Mitchell.
8:58 of 3rd period - Shot Misses the Net.
9:00 of 3rd period - Shot by Willie Mitchell.
9:00 of 3rd period - Shot Misses the Net.
9:02 of 3rd period - Shot by Jeff Halpern.
9:02 of 3rd period - Shot Hit the Post.
9:04 of 3rd period - Shot by Willie Mitchell.
9:04 of 3rd period - Shot Blocked by Andy Sutton.
9:06 of 3rd period - Shot by Alexander Semin.
9:06 of 3rd period - Shot Blocked by Mark Recchi.
9:08 of 3rd period - Shot by Tomas Fleischmann.
9:08 of 3rd period - Stopped by Chris Mason with a rebound.
9:22 of 3rd period - Shot by Tomas Fleischmann.
9:22 of 3rd period - Goal by Tomas Fleischmann - Capitals : 3 - Rangers : 4.
9:23 of 3rd period - Matt Stajan wins face-off versus Mikko Koivu in neutral zone.
9:42 of 3rd period - Shot by Teemu Selanne.
9:42 of 3rd period - Shot Misses the Net.
9:50 of 3rd period - Shot by Teemu Selanne.
9:50 of 3rd period - Stopped by Mike Smith without a rebound.
9:51 of 3rd period - Scott Gomez wins face-off versus Jeff Halpern in Capitals zone.
10:01 of 3rd period - Minor Penalty to Andrei Kostitsyn for Hooking.
10:02 of 3rd period - Matt Stajan wins face-off versus Mikko Koivu in Rangers zone.
12:08 of 3rd period - Shot by Ryane Clowe.
12:08 of 3rd period - Stopped by Chris Mason with a rebound.
12:10 of 3rd period - Shot by Steve Eminger.
12:10 of 3rd period - Stopped by Chris Mason without a rebound.
12:11 of 3rd period - Mikko Koivu wins face-off versus Ryane Clowe in Rangers zone.
12:29 of 3rd period - Minor Penalty to Shaone Morrisonn for Tripping.
12:30 of 3rd period - Boyd Gordon wins face-off versus Scott Gomez in Capitals zone.
13:16 of 3rd period - Icing by Lubomir Visnovsky.
13:17 of 3rd period - Scott Gomez wins face-off versus Matt Cooke in Rangers zone.
14:33 of 3rd period - Icing by Keith Ballard.
14:34 of 3rd period - Gilbert Brule wins face-off versus Alexander Ovechkin in Rangers zone.
14:46 of 3rd period - Minor Penalty to Alexander Ovechkin for Holding.
14:47 of 3rd period - Jeff Halpern wins face-off versus Mikko Koivu in Capitals zone.
16:00 of 3rd period - Off-side.
16:01 of 3rd period - Scott Gomez wins face-off versus Boyd Gordon in neutral zone.
16:40 of 3rd period - Dan Cleary is hit by Matt Cooke and loses puck.
16:48 of 3rd period - Dan Cleary is hit by Mike Green and loses puck.
16:49 of 3rd period - Minor Penalty to Mike Green for Boarding.
16:50 of 3rd period - Alexander Ovechkin wins face-off versus Dan Cleary in Capitals zone.
17:03 of 3rd period - Shot by Teemu Selanne.
17:03 of 3rd period - Stopped by Mike Smith without a rebound.
17:04 of 3rd period - Patrick OSullivan wins face-off versus Jeff Halpern in Capitals zone.
17:05 of 3rd period - Shot by Lubomir Visnovsky.
17:05 of 3rd period - Stopped by Mike Smith without a rebound.
17:06 of 3rd period - Jeff Halpern wins face-off versus Bill Guerin in Capitals zone.
17:21 of 3rd period - Shot by Blair Betts.
17:21 of 3rd period - Shot Blocked by Willie Mitchell.
17:45 of 3rd period - Shot by Dan Cleary.
17:45 of 3rd period - Shot Blocked by Shaone Morrisonn.
17:47 of 3rd period - Shot by Mikko Koivu.
17:47 of 3rd period - Shot Misses the Net.
18:26 of 3rd period - Shot by Lubomir Visnovsky.
18:26 of 3rd period - Stopped by Mike Smith without a rebound.
18:27 of 3rd period - Scott Gomez wins face-off versus Jeff Halpern in Capitals zone.
19:11 of 3rd period - Capitals, Mike Smith is pulled from the net.


Output by the SimonT Hockey Simulator (STHS) for Stephane Roy -- Original Page W3C XHTML 1.0 Valid